Map: King Sejong Station LE

Players

Fropez - Winner!

  • Race: Protoss Protoss
  • League: Silver
  • Spawn Location: 5:00

Arequipa

  • Race: Zerg Zerg
  • Spawn Location: 11:00

VOD

Have the link to the VOD?

Description

Time

  • Played on: July 8, 2016, 10:42 a.m.
  • Length: 9:51
Show
View Real Time Build Order
Export as new Build Order

Fropez Protoss - Winner!

Build Orders:  

Get SALT Encoding   

  12  0:01  Probe (Chrono Boost)  
  13  0:16  Pylon  
  13  0:18  Probe (Chrono Boost)  
  14  0:34  Gateway  
  14  0:36  Probe (Chrono Boost)  
  14  0:42  Assimilator  
  15  0:46  Probe (Chrono Boost)  
  17  0:57  Probe (Chrono Boost)  
  17  1:07  Probe (Chrono Boost)  
  18  1:14  Pylon  
  18  1:18  Probe (Chrono Boost)  
  19  1:20  Gateway  
  19  1:28  Probe (Chrono Boost)  
  20  1:33  Cybernetics Core  
  20  1:39  Probe (Chrono Boost)  
  21  1:41  Assimilator  
  21  1:49  Probe (Chrono Boost)  
  21  1:53  Pylon  
  22  2:02  Probe (Chrono Boost)  
  23  2:09  Adept  
  23  2:10  Adept  
  23  2:13  Probe (Chrono Boost)  
  28  2:15  Warp Gate (Chrono Boost)  
  28  2:30  Twilight Council  
  28  2:36  Probe  
  30  2:52  Pylon  
  30  2:56  Mothership Core  
  31  3:05  Gateway  
  31  3:06  Resonating Glaives  
  31  3:18  Probe  
  32  3:21  Pylon  
  32  3:36  Nexus  
  32  3:40  Probe  
  33  3:51  Gateway  
  33  4:10  Pylon, Gateway  
  33  4:11  Probe  
  34  4:20  Adept x2  
  34  4:24  Adept  
  40  4:40  Probe  
  41  4:46  Gateway  
  41  4:47  Probe  
  42  5:01  Charge  
  42  5:08  Probe  
  42  5:10  Forge  
  43  5:17  Adept  
  43  5:18  Adept x2  
  49  5:26  Adept  
  51  5:52  Adept x2  
  51  5:53  Adept x3  
  53  6:40  Adept x3  
  53  6:41  Adept x2  
  53  6:46  Probe, Assimilator  
  61  6:47  Probe  
  61  6:50  Assimilator  
  61  6:55  Pylon, Gateway  
  61  6:58  Protoss Ground Weapons Level 1 (Chrono Boost)  
  61  7:04  Nexus  
  61  7:07  Assimilator  
  61  7:12  Assimilator  
  61  7:14  Probe x2  
  63  7:15  Pylon  
  63  7:17  Pylon  
  63  7:27  Pylon  
  63  7:35  Probe x2  
  65  7:45  Stalker  
  67  7:53  Zealot x3  
  67  7:54  Zealot x2  
  76  8:17  Zealot x5  
  76  8:18  Zealot x2  
  82  8:44  Zealot x2  
  82  8:45  Zealot  
  84  9:02  Probe  
  84  9:03  Probe  
  86  9:13  Pylon  
  86  9:15  Nexus  
  86  9:17  Pylon  
  86  9:19  Pylon  
  86  9:29  Probe  
  86  9:31  Probe  
  86  9:37  Pylon  
Show
View Real Time Build Order
Export as new Build Order

Arequipa Zerg 

Build Orders: Pool First 

Get SALT Encoding   

  12  0:02  Drone  
  13  0:15  Overlord  
  13  0:18  Drone  
  14  0:29  Extractor  
  14  0:32  Extractor  
  14  0:35  Drone x2  
  14  0:40  Drone  
  15  0:48  Drone  
  16  0:59  Spawning Pool  
  15  1:09  Drone  
  16  1:32  Hatchery  
  15  1:49  Drone x3  
  18  2:10  Queen  
  20  2:15  Spine Crawler  
  19  2:27  Evolution Chamber  
  18  2:30  Drone x3  
  21  2:51  Lair  
  21  3:01  Queen  
  23  3:13  Spine Crawler  
  22  3:22  Overlord  
  22  3:24  Drone  
  22  3:25  Drone  
  24  3:41  Roach Warren  
  23  3:52  Queen  
  25  3:57  Overseer  
  25  4:08  Zerg Melee Weapons Level 1  
  25  4:23  Overlord x3  
  25  4:34  Roach  
  25  4:35  Roach  
  29  4:49  Spine Crawler  
  28  4:53  Roach  
  30  5:03  Roach x2  
  34  5:20  Roach  
  34  5:21  Roach  
  38  5:31  Roach x2  
  42  5:38  Drone  
  42  5:39  Drone  
  44  5:55  Roach  
  44  5:56  Roach x2  
  50  6:16  Roach x3  
  46  6:34  Drone x4  
  46  6:35  Drone  
  49  6:41  Drone  
  50  6:58  Drone  
  50  6:59  Drone x2  
  53  7:10  Overseer  
  53  7:33  Drone x3  
  58  7:51  Roach  
  58  7:52  Roach  
  58  7:57  Overlord x2  
  58  7:58  Overlord x2  
  60  8:18  Zergling x2  
  57  8:37  Roach  
  57  8:38  Roach x6  
  45  9:10  Hatchery  
  45  9:15  Spire  
Tags
 
League
Silver
Matchup
PvZ
Opening
Pool First
Replay Pack
All Mines
Spawn Locations
Cross Positions
Add a new tag
Caveats
  • Supply blocks, unpowered buildings, or Contaminate may cause inaccurate times.
  • Supply counts are checked every 10 seconds.